 Dungeon Crawl Stone Soup version 0.21.1-1-g345015f (webtiles) character file.

2 Goblin1989 the Insei (level 1, -3/15 HPs)
             Began as a Demonspawn Transmuter on Mar 28, 2018.
             Slain by a hobgoblin
             ... wielding a +0 club
              (4 damage)
             ... on level 1 of the Dungeon.
             The game lasted 00:00:20 (76 turns).

Goblin1989 the Insei (Demonspawn Transmuter)          Turns: 76, Time: 00:00:20

Health: -3/15      AC:  2    Str: 10    XL:     1   Next: 25%
Magic:  3/3        EV: 12    Int: 14    God:
Gold:   0          SH:  0    Dex: 13    Spells: 3/4 levels left

rFire    . . .     SeeInvis .     - Unarmed
rCold    . . .     Gourm    .   (no shield)
rNeg     . . .     Faith    .   b - +0 robe
rPois    .         Spirit   .   (no helmet)
rElec    .         Reflect  .   (no cloak)
rCorr    .         Harm     .   (no gloves)
MR       .....                  (no boots)
Stlth    +.........             (no amulet)
HPRegen  0.05/turn              (no ring)
MPRegen  0.08/turn              (no ring)

@: no status effects
A: no striking features
a: no special abilities


You were on level 1 of the Dungeon.
You were not hungry.

You visited 1 branch of the dungeon, and saw 1 of its levels.

Inventory:

Missiles
 a - 12 arrows
 h - 8 javelins (quivered) {@Q2}
Armour
 b - a +0 robe (worn)
 g - a +0 ring mail
Scrolls
 f - a scroll of remove curse {unknown}
Books
 c - a book of Changes

   Spells                             Type                      Level
   a - Beastly Appendage              Transmutation                1
   b - Sticks to Snakes               Transmutation                2
   c - Spider Form                    Transmutation/Poison         3
   d - Ice Form                       Ice/Transmutation            4
   e - Blade Hands                    Transmutation                5
Comestibles
 e - a ration


   Skills:
 + Level 1.0 Fighting
 + Level 1.8 Dodging
 * Level 2.7 Unarmed Combat
 + Level 2.0 Spellcasting
 + Level 1.8 Transmutations


You had 3 spell levels left.
You knew the following spells:

 Your Spells              Type           Power        Failure   Level  Hunger
a - Beastly Appendage     Tmut           #.....       12%         1    ##.....


Dungeon Overview and Level Annotations

Branches:
Dungeon (1/15)

Altars:


Message History

There is an open door here.
f - a scroll labeled COPABE IMUIR You see here a ring mail.
g - a ring mail You see here 8 javelins {@Q2}.
h - 8 javelins {@Q2} A rat comes into view.
The rat closely misses you.
You hit the rat but do no damage. The rat closely misses you.
You hit the rat.
You kill the rat!
No target in view!
No target in view!
No target in view!
No target in view!
No target in view!
No target in view!
No target in view!
No target in view!
No target in view!
No target in view!
No target in view!
No target in view!
No target in view!
No target in view!
No target in view!
No target in view!
No target in view!
No target in view!
No target in view!
A hobgoblin comes into view. It is wielding a club.
A hobgoblin is nearby!
A hobgoblin is nearby!
The hobgoblin shouts!
The hobgoblin moves out of view.
No target in view!
No target in view!
A hobgoblin comes into view. It is wielding a club.
The hobgoblin shouts!
A kobold comes into view. It is wielding a short sword.
The kobold throws a stone.
The stone barely misses you. The hobgoblin barely misses you.
You hit the hobgoblin.
The hobgoblin is lightly wounded.
The kobold throws a stone.
The stone hits you but does no damage. The hobgoblin barely misses you.
You closely miss the hobgoblin.
The hobgoblin is lightly wounded.
The kobold throws a stone.
The stone hits you.
The hobgoblin hits you but does no damage.
You hit the hobgoblin.
The hobgoblin is heavily wounded.
The kobold throws a stone.
The stone hits you. The hobgoblin misses you.
You barely miss the hobgoblin.
The hobgoblin is heavily wounded.
The kobold throws a stone.
The stone barely misses you. The hobgoblin closely misses you.
You hit the hobgoblin.
You kill the hobgoblin!
The kobold throws a stone.
The stone closely misses you.
The hobgoblin hits you but does no damage.
You closely miss the hobgoblin. The hobgoblin closely misses you.
You closely miss the hobgoblin.
The kobold throws a stone.
The stone closely misses you.
You barely miss the hobgoblin. The hobgoblin misses you.
The kobold throws a stone.
The stone misses you.
You closely miss the hobgoblin. The hobgoblin hits you with a club.
The kobold throws a stone.
The stone hits you.
* * * LOW HITPOINT WARNING * * *
You are too injured to fight recklessly!
You are too injured to fight recklessly!
You are too injured to fight recklessly!
You are too injured to fight recklessly!
You are too injured to fight recklessly!
You are too injured to fight recklessly!
You are too injured to fight recklessly!
You are too injured to fight recklessly!
You are too injured to fight recklessly!
You are too injured to fight recklessly!
You are too injured to fight recklessly!
You are too injured to fight recklessly!
You are too injured to fight recklessly!
You are too injured to fight recklessly!
You take 10 damage, and have 5/15 hp.
MASSIVE DAMAGE!!
You are too injured to fight recklessly!
You are too injured to fight recklessly!
You are too injured to fight recklessly!
You are too injured to fight recklessly!
You are too injured to fight recklessly!
You are too injured to fight recklessly!
You are too injured to fight recklessly!
You are too injured to fight recklessly!
You are too injured to fight recklessly!
You are too injured to fight recklessly!
The hobgoblin hits you with a club.
* * * LOW HITPOINT WARNING * * *
The kobold throws a stone.
The stone closely misses you.
You take 4 damage, and have 1/15 hp.
MASSIVE DAMAGE!!
The hobgoblin hits you with a club.
You die...

██..██.
█..$██.
█g██...
█.██..███████
█....K█......
█..██.)......
███ █.██(█.█
█...██.?g...█
█....!..@█(.█
█...██..███(█
██ █..█ █..
███..█ ███
♣♣♣.█..█
♣♣......█
♣♣.......█
♣........█
♣♣........█


You could see a hobgoblin and a kobold.

Vanquished Creatures
  A hobgoblin (D:1)
  A rat (D:1)
2 creatures vanquished.

Notes
Turn   | Place    | Note
-------+----------+-------------------------------------------
     0 | D:1      | Goblin1989 the Demonspawn Transmuter began the quest for the Orb.
     0 | D:1      | Reached XP level 1. HP: 15/15 MP: 3/3
    76 | D:1      | Slain by a hobgoblin

Action                   || total
-------------------------++-------
Melee: Unarmed           ||    11
Armor: Robe              ||     1
Dodge: Dodged            ||    14

Vault maps used:
D:1:      sevenhm_arrival_forest_fort_large_4, minmay_tetromino_o2
